 Dungeon Crawl Stone Soup version 0.21.0 (webtiles) character file.

235 MDvedh the Ruffian (level 5, 0/53 HPs)
             Began as a Troll Monk on Jan 6, 2018.
             Was a Priest of Cheibriados.
             Slain by a gnoll
             ... wielding a +0 spear
              (5 damage)
             ... on level 4 of the Dungeon.
             The game lasted 00:03:41 (2249 turns).

MDvedh the Ruffian (Troll Monk)                     Turns: 2249, Time: 00:03:42

Health: 0/53       AC:  5    Str: 26    XL:     5   Next: 76%
Magic:  4/4        EV: 12    Int: 12    God:    Cheibriados [***...]
Gold:   150        SH:  0    Dex: 18    Spells: 4/4 levels left

rFire    . . .     SeeInvis .     - Unarmed
rCold    . . .     Gourm    +   (no shield)
rNeg     . . .     Faith    .   a - +0 robe
rPois    .         Spirit   .   (helmet restricted)
rElec    .         Reflect  .   (no cloak)
rCorr    .         Harm     .   (gloves unavailable)
MR       .....                  (boots unavailable)
Stlth    ++........             (no amulet)
HPRegen  0.57/turn              (no ring)
MPRegen  0.09/turn              (no ring)

@: very slow
A: large, unfitting armour, claws 3, fast metabolism 3, gourmand, regeneration
1, shaggy fur 1, tough skin 2
a: Bend Time, Temporal Distortion, Renounce Religion


You were on level 4 of the Dungeon.
You worshipped Cheibriados.
Cheibriados was most pleased with you.
You were very full.

You visited 1 branch of the dungeon, and saw 4 of its levels.

You collected 150 gold pieces.

Inventory:

Armour
 a - a +0 robe (worn)
Jewellery
 e - a +5 ring of slaying {unknown}
 q - a cursed ring of loudness {unknown}
Wands
 r - a wand of flame (11)
Scrolls
 f - 5 scrolls of identify {unknown}
 g - 4 scrolls of remove curse {unknown}
 h - a scroll of enchant armour {unknown}
 l - 2 scrolls of magic mapping {unknown}
 n - a scroll of amnesia {unknown}
 p - 3 scrolls of fog {unknown}
Potions
 c - a potion of mutation {unknown}
 d - a potion of invisibility {unknown}
 i - a potion of agility {unknown}
 j - 2 potions of curing {unknown}
 k - a potion of flight {unknown}
 m - a potion of heal wounds {unknown}
 o - a potion of resistance {unknown}
Comestibles
 b - 5 rations


   Skills:
 + Level 3.6 Fighting
 + Level 3.5 Dodging
 - Level 1.0 Stealth
 + Level 4.3 Unarmed Combat
 + Level 1.1 Invocations


You had 4 spell levels left.
You didn't know any spells.

Dungeon Overview and Level Annotations

Branches:
Dungeon (4/15)
 Temple: D:4-7

Altars:
Cheibriados
Nemelex Xobeh
Sif Muna
Vehumet


Innate Abilities, Weirdness & Mutations

You are too large for most types of armour.
You have claws for hands.
Your metabolism is lightning-fast.
You like to eat raw meat.
Your natural rate of healing is unusually fast.
You are covered in fur. (AC +1)
You have very tough skin. (AC +2)


Message History

Unknown command.
You barely miss the gnoll shaman.
The gnoll hits you from afar with a spear.
The gnoll misses you. The gnoll hits you but does no damage.
The gnoll shaman hits you with a club.
Unknown command.
You scratch the gnoll shaman.
The gnoll shaman is moderately wounded.
The gnoll closely misses you. The gnoll barely misses you. x2
The gnoll shaman hits you with a club.
* * * LOW HITPOINT WARNING * * *
The gnoll completely misses you.
Unknown command.
You barely miss the gnoll shaman.
The gnoll shaman is moderately wounded.
The gnoll hits you from afar with a spear!
* * * LOW HITPOINT WARNING * * *
The gnoll misses you.
The gnoll hits you from afar with a spear.
You die...

#....#.##.#.#...(.#.
#....#..8.#.'.....##
#....#.#.8.('.......
#####....#.#.##.#.......
.........#......#.......
.........########.......
.....g...............##.
......g..............#8.
.....gg@.....#######....
....)g.......# ###8.
.............# ##.
.....######### #.. .....
#.. .... #.. ..% #.. ...
#.. #..


You could see a gnoll shaman and 4 gnolls.

Vanquished Creatures
  A centaur skeleton (D:4)
  An iguana (D:4)
  A gnoll (D:4)
  5 adders
  7 worms
  3 dart slugs
  3 leopard geckos
  10 orcs
  2 ball pythons
  11 bats
  5 giant cockroaches
  8 goblins
  3 hobgoblins
  2 jackals (D:1)
  3 frilled lizards
  14 kobolds
  11 rats
90 creatures vanquished.

Notes
Turn   | Place    | Note
-------+----------+-------------------------------------------
     0 | D:1      | MDvedh the Troll Monk began the quest for the Orb.
     0 | D:1      | Reached XP level 1. HP: 22/22 MP: 0/0
    53 | D:1      | Reached XP level 2. HP: 19/29 MP: 1/1
   207 | D:1      | Reached XP level 3. HP: 36/36 MP: 2/2
   739 | D:2      | Reached XP level 4. HP: 38/45 MP: 3/3
   818 | D:2      | Found a sparkling altar of Nemelex Xobeh.
   821 | D:2      | Found a deep blue altar of Sif Muna.
   831 | D:2      | Found a radiant altar of Vehumet.
  1146 | D:2      | Reached skill level 4 in Unarmed Combat
  1286 | D:3      | Found a snail-covered altar of Cheibriados.
  1304 | D:3      | Became a worshipper of Cheibriados the Contemplative
  1304 | D:3      | Reached * piety under Cheibriados
  1304 | D:3      | Reached ** piety under Cheibriados
  1434 | D:3      | Reached XP level 5. HP: 46/53 MP: 4/4
  2096 | D:4      | Reached *** piety under Cheibriados
  2182 | D:4      | Reached skill level 1 in Invocations
  2249 | D:4      | Slain by a gnoll

Skill      XL: |  1  2  3  4  5 |
---------------+----------------+-----
Fighting       | 3 |  3.6
Dodging        | 3 |  3.5
Unarmed Combat | 4 |  4.3
Invocations    | 1 |  1.1
Stealth        | |  1.0

Action                   |  1- 3 |  4- 6 || total
-------------------------+-------+-------++-------
Melee: Unarmed           |   101 |   137 ||   238
       Punch             |       |     5 ||     5
 Stab: Sleeping          |     1 |     4 ||     5
  Eat: Chunk             |    10 |    12 ||    22
Armor: Robe              |    37 |    45 ||    82
Dodge: Dodged            |    59 |    83 ||   142
